 Dungeon Crawl Stone Soup version 0.21.1-1-g345015f (webtiles) character file.

170 yogidapunk the Conjurer (level 5, -3/28 HPs)
             Began as a Deep Elf Fire Elementalist on Feb 14, 2018.
             Slain by an iguana (12 damage)
             ... on level 3 of the Dungeon.
             The game lasted 00:05:15 (2488 turns).

yogidapunk the Conjurer (DEFE)                      Turns: 2488, Time: 00:05:16

Health: -3/28      AC:  7    Str:  5    XL:     5   Next: 26%
Magic:  20/20      EV: 13    Int: 21    God:
Gold:   210        SH:  0    Dex: 15    Spells: 9/10 levels left

rFire    . . .     SeeInvis .   p - +0 dagger (venom)
rCold    . . .     Gourm    .   (no shield)
rNeg     . . .     Faith    .   a - +0 robe
rPois    .         Spirit   .   B - +2 helmet
rElec    .         Reflect  .   (no cloak)
rCorr    .         Harm     .   n - +0 pair of gloves
MR       .....                  C - +0 pair of boots
Stlth    +.........             (no amulet)
HPRegen  0.09/turn              e - ring of magical power
MPRegen  0.17/turn              u - ring of loudness (curse)

@: about to teleport
A: no striking features
a: no special abilities


You were on level 3 of the Dungeon.
You were not hungry.

You visited 1 branch of the dungeon, and saw 4 of its levels.

You collected 210 gold pieces.

Inventory:

Hand Weapons
 p - a +0 dagger of venom (weapon)
Armour
 a - a +0 robe (worn)
 n - a +0 pair of gloves (worn)
 B - a +2 helmet (worn)
 C - a +0 pair of boots (worn)
Magical Staves
 y - an uncursed staff of air {unknown}
Jewellery
 e - a ring of magical power (left hand)
 g - an uncursed ring of protection from fire
 u - a cursed ring of loudness (right hand)
Scrolls
 f - 2 scrolls of fog {unknown}
 i - a scroll of fear {unknown}
 j - 2 scrolls of remove curse {unknown}
 o - 2 scrolls of enchant armour {unknown}
 q - 2 scrolls of blinking {unknown}
 r - 2 scrolls of amnesia {unknown}
 s - 2 scrolls of identify {unknown}
Potions
 h - a potion of flight {unknown}
 k - a potion of lignification
 l - a potion of magic {unknown}
 m - a potion of ambrosia {unknown}
 t - a potion of resistance {unknown}
 v - a potion of haste {unknown}
 w - a potion of curing {unknown}
 x - a potion of degeneration {unknown}
 z - a potion of might {unknown}
 A - a potion of agility {unknown}
Books
 b - a book of Flames

   Spells                             Type                      Level
   a - Flame Tongue                   Conjuration/Fire             1
   b - Throw Flame                    Conjuration/Fire             2
   c - Conjure Flame                  Conjuration/Fire             3
   d - Inner Flame                    Hexes/Fire                   3
   e - Sticky Flame                   Conjuration/Fire             4
   f - Fireball                       Conjuration/Fire             5
Comestibles
 c - 5 rations


   Skills:
 - Level 2.4 Dodging
 - Level 2.4 Stealth
 - Level 3.0 Spellcasting
 + Level 5.7 Conjurations
 - Level 3.2 Fire Magic


You had 9 spell levels left.
You knew the following spells:

 Your Spells              Type           Power        Failure   Level  Hunger
a - Flame Tongue          Conj/Fire      ###..        1%          1    None


Dungeon Overview and Level Annotations

Branches:
Dungeon (4/15)
 Temple: D:4-7

Altars:


Message History

Found a dented jasper amulet.
An iguana is nearby!
An iguana is nearby!
An iguana is nearby!
Casting: Flame Tongue
Confirm with . or Enter, or press ? or * to list all spells.
You don't know that spell.
Unknown command.
There is a stone staircase leading up here.
The iguana bites you!
* * * LOW HITPOINT WARNING * * *
You climb upwards.
There is a stone staircase leading down here.
Unknown command.
Unknown command.
Unknown command.
Unknown command.
As you read the scroll of teleportation, it crumbles to dust.
You feel strangely unstable. The iguana bites you!
You die...

###.#.##.#.#.......# ##.#
..#.#.##.#.........# #..#
#.#......#.........# #.##
#.#......#.........# #.#
.........#.####..### #.#
######...#.# #..# #.#
.....#####.####..# #.#
.###.#........##l# #.# .#
#)#........##@# #.# .#
#.#........#### #.# .#
#.)........## #.# ##
#...........########.# .#
#....................#
####.........#########..#
#......................#
#...#####.##..########.#
#...# ####.....# #.#


You could see an iguana.

Vanquished Creatures
  4 gnolls (D:3)
  6 adders
  A dart slug (D:1)
  2 leopard geckos
  An orc (D:3)
  7 bats
  2 giant cockroaches
  9 goblins
  12 hobgoblins
  6 jackals
  A quokka (D:3)
  4 frilled lizards
  14 kobolds
  3 rats
72 creatures vanquished.

Notes
Turn   | Place    | Note
-------+----------+-------------------------------------------
     0 | D:1      | yogidapunk the Deep Elf Fire Elementalist began the quest for the Orb.
     0 | D:1      | Reached XP level 1. HP: 10/10 MP: 6/6
    89 | D:1      | Reached skill level 2 in Conjurations
    93 | D:1      | Reached XP level 2. HP: 14/15 MP: 4/8
   210 | D:1      | Reached skill level 3 in Conjurations
   452 | D:1      | Reached XP level 3. HP: 19/19 MP: 9/9
   874 | D:2      | Reached skill level 4 in Conjurations
  1039 | D:2      | Reached XP level 4. HP: 24/24 MP: 10/10
  1473 | D:3      | Reached skill level 5 in Conjurations
  1936 | D:3      | Reached XP level 5. HP: 28/28 MP: 11/11
  2488 | D:3      | Slain by an iguana

Skill      XL: |  1  2  3  4 |
---------------+-------------+-----
Conjurations   | 2 3 4 5 |  5.7
Dodging        | |  2.4
Stealth        | |  2.4
Spellcasting   | |  3.0
Fire Magic     | |  3.2

Action                   |  1- 3 |  4- 6 || total
-------------------------+-------+-------++-------
Melee: Dagger            |     1 |     2 ||     3
 Cast: Flame Tongue      |    69 |    69 ||   138
  Use: Scroll            |       |     2 ||     2
       Potion            |       |     1 ||     1
  Eat: Chunk             |       |     2 ||     2
       Ration            |       |     1 ||     1
Armor: Robe              |     3 |     8 ||    11
       Skin              |       |     4 ||     4
Dodge: Dodged            |    20 |    39 ||    59
